 Dungeon Crawl Stone Soup version 0.29.1-15-g9cfb28693d (webtiles) character file.

Game seed: 9238406200855379874

63 Ast3rio the Chopper (level 4, -7/41 HPs)
             Began as a Gnoll Cinder Acolyte on Mar 9, 2023.
             Was a High Priest of Ignis.
             Killed by nerve-wracking pain
             ... invoked by Grinder
              (12 damage)
             ... on level 3 of the Dungeon.
             The game lasted 00:04:45 (2635 turns).

Ast3rio the Chopper (Gnoll Cinder Acolyte)          Turns: 2635, Time: 00:04:46

Health: -7/41      AC:  5    Str: 13    XL:     4   Next: 9%
Magic:  2/8        EV: 10    Int: 16    God:    Ignis [*****.]
Gold:   111        SH:  0    Dex:  7    Spells: 7/9 levels left

rFire   + . .      SeeInvis .   c - +3 dagger
rCold   . . .      Faith    .   (no shield)
rNeg    . . .      Spirit   .   g - +0 ring mail
rPois   .          Reflect  .   (no helmet)
rElec   .          Harm     .   (no cloak)
rCorr   .          Rampage  .   (no gloves)
Will    .....                   (no boots)
Stlth   +.........              (no amulet)
HPRegen 0.13/turn               (no ring)
MPRegen 0.11/turn               (no ring)

@: no status effects
A: fangs 1, strong nose, distributed training
a: Renounce Religion, Fiery Armour, Foxfire Swarm, Rising Flame


You were on level 3 of the Dungeon.
You worshipped Ignis.
Ignis was extremely pleased with you.
You visited 1 branch of the dungeon, and saw 3 of its levels.

You collected 111 gold pieces.

Inventory:

Hand Weapons
 a - a -1 hand axe of flaming
 c - a +3 dagger (weapon)
 i - a +2 dagger of speed
Armour
 b - a +0 robe
 g - a +0 ring mail (worn)
 k - a +3 chain mail
Jewellery
 f - a +4 ring of evasion
Scrolls
 d - 6 scrolls of identify {unknown}
 j - a scroll of enchant armour {unknown}
Potions
 e - a potion of curing {unknown}
 h - 2 potions of might {unknown}


   Skills:
 + Level 6.6 Fighting
 + Level 1.1 Short Blades
 + Level 1.1 Long Blades
 + Level 6.6 Axes
 + Level 1.1 Maces & Flails
 + Level 1.1 Polearms
 + Level 1.1 Staves
 + Level 1.1 Ranged Weapons
 + Level 1.1 Throwing
 + Level 1.1 Armour
 + Level 1.1 Dodging
 + Level 1.1 Stealth
 + Level 1.1 Shields
 + Level 1.1 Unarmed Combat
 + Level 3.0 Spellcasting
 + Level 0.8 Conjurations
 + Level 0.8 Hexes
 + Level 0.8 Summonings
 + Level 0.8 Necromancy
 + Level 0.8 Translocations
 + Level 0.8 Transmutations
 + Level 5.4 Fire Magic
 + Level 0.8 Ice Magic
 + Level 0.8 Air Magic
 + Level 0.8 Earth Magic
 + Level 0.8 Poison Magic
 + Level 1.2 Invocations
 + Level 1.1 Evocations


You had 7 spell levels left.
You knew the following spells:

 Your Spells              Type           Power      Damage    Failure   Level
a - Scorch                Fire           38%        2d6       6%          2

Your spell library contained the following spells:

 Spells                   Type           Power      Damage    Failure   Level


Dungeon Overview and Level Annotations

Branches:
Dungeon (3/15)

Altars:
Wu Jian

Shops:
D:2 *

Annotations:
D:3 Grinder


Innate Abilities, Weirdness & Mutations

You have very sharp teeth.
Your uncanny sense of smell can sniff out nearby items.
Your experience applies equally to all skills.


Message History

Grinder hits you but does no damage.
The ball python bites you but does no damage.
The ball python constricts you.
The jackal bites you but does no damage.
You can move again.
Casting: Scorch (safe; 6% risk of failure)
Confirm with . or Enter, or press ? or * to list all spells.
Flames lash Grinder.
Grinder is moderately wounded.
Grinder's fire resistance burns away.
Grinder hits you! The ball python barely misses you.
The ball python constricts you.
The jackal bites you but does no damage.
Casting: Scorch (safe; 6% risk of failure)
Confirm with . or Enter, or press ? or * to list all spells.
Flames lash the jackal.
You kill the jackal!
Grinder hits you. The ball python barely misses you.
The ball python constricts you.
Casting: Scorch (safe; 6% risk of failure)
Confirm with . or Enter, or press ? or * to list all spells.
Flames lash Grinder.
Grinder is burned terribly!
Grinder is heavily wounded.
You hear a shout!
The ball python bites you.
* * * LOW HITPOINT WARNING * * *
The ball python constricts you. Grinder barely misses you.
The ball python bites you but does no damage.
The ball python constricts you.
You hit the ball python.
You kill the ball python!
Grinder gestures at you. You resist with significant effort.
Your Spellcasting skill increases to level 3!
Grinder hits you.
* * * LOW HITPOINT WARNING * * *
You writhe in agony.
* * * LOW HITPOINT WARNING * * *
Grinder gestures at you. Pain shoots through your body!
You die...

##########
#.........
#<########
#.# #.#
#####'#####
#...†.5...#.#
#....@.......
#.........#.#
#####+###).#
[## # ∆


You could see Grinder (combustible).

Vanquished Creatures
  An adder (D:2)
  A worm (D:2)
  7 endoplasms
  2 giant cockroaches (D:2)
  3 goblins
  6 hobgoblins
  8 jackals
  4 ball pythons
  3 bats
  2 frilled lizards
  5 kobolds
  5 rats
47 creatures vanquished.

Vanquished Creatures (others)
  4 plants (D:2)
4 creatures vanquished.

Grand Total: 51 creatures vanquished

Notes
Turn   | Place    | Note
-------+----------+-------------------------------------------
     0 | D:1      | Ast3rio the Gnoll Cinder Acolyte began the quest for the
                  | Orb.
     0 | D:1      | Reached XP level 1. HP: 23/23 MP: 4/4
   196 | D:1      | Found a faded altar of an unknown god.
   207 | D:1      | Reached XP level 2. HP: 14/29 MP: 5/5
   373 | D:1      | Learned a level 2 spell: Scorch
  1129 | D:1      | Reached XP level 3. HP: 34/35 MP: 4/7
  1593 | D:2      | Reached skill level 1 in Invocations
  1721 | D:2      | Reached skill level 1 in Short Blades
  1721 | D:2      | Reached skill level 1 in Long Blades
  1721 | D:2      | Reached skill level 1 in Maces & Flails
  1721 | D:2      | Reached skill level 1 in Polearms
  1721 | D:2      | Reached skill level 1 in Staves
  1721 | D:2      | Reached skill level 1 in Ranged Weapons
  1721 | D:2      | Reached skill level 1 in Throwing
  1721 | D:2      | Reached skill level 1 in Armour
  1721 | D:2      | Reached skill level 1 in Dodging
  1721 | D:2      | Reached skill level 1 in Stealth
  1721 | D:2      | Reached skill level 1 in Shields
  1721 | D:2      | Reached skill level 1 in Unarmed Combat
  1721 | D:2      | Reached skill level 1 in Evocations
  1978 | D:2      | Found an ornate altar of the Wu Jian Council.
  2036 | D:2      | Found Kocui's Assorted Antiques.
  2397 | D:2      | Reached XP level 4. HP: 41/41 MP: 1/8
  2620 | D:3      | Noticed Grinder
  2624 | D:3      | Paralysed by Grinder for 5 turns
  2635 | D:3      | Killed from afar by Grinder

Illustrated notes

Levels and vault maps discovered:
D:1:      nzn_arrival_crosshair, layout_basic,
          hellmonk_ecumenical_altar_dog_temple
D:2:      layout_loops_ring, serial_shops, nicolae_lakefront_shop, serial_bayou,
          serial_bayou_shore_a, serial_bayou_lagoon_b, serial_bayou_pond_e,
          serial_bayou_crossing, basic_altar, grunt_ministairs_13,
          amcnicky_mini_rare_corridor_liquid
D:3:      layout_basic, minmay_misc_feat_square, uniq_grinder

Skill      XL: |  1  2  3  4 |
---------------+-------------+-----
Invocations    | 1 |  1.2
Short Blades   | 1 |  1.1
Long Blades    | 1 |  1.1
Maces & Flails | 1 |  1.1
Polearms       | 1 |  1.1
Staves         | 1 |  1.1
Ranged Weapons | 1 |  1.1
Throwing       | 1 |  1.1
Armour         | 1 |  1.1
Dodging        | 1 |  1.1
Stealth        | 1 |  1.1
Shields        | 1 |  1.1
Unarmed Combat | 1 |  1.1
Evocations     | 1 |  1.1
Spellcasting   | 3 |  3.0
Fighting       | |  6.6
Axes           | |  6.6
Conjurations   | |  0.8
Hexes          | |  0.8
Summonings     | |  0.8
Necromancy     | |  0.8
Translocations | |  0.8
Transmutations | |  0.8
Fire Magic     | |  5.4
Ice Magic      | |  0.8
Air Magic      | |  0.8
Earth Magic    | |  0.8
Poison Magic   | |  0.8

Action                   |  1- 3 |  4- 6 || total
-------------------------+-------+-------++-------
Melee: Dagger            |    59 |    11 ||    70
       Hand axe          |     7 |       ||     7
       Bite              |     4 |       ||     4
 Cast: Scorch            |    34 |     3 ||    37
Armor: Robe              |    13 |       ||    13
       Chain mail        |    16 |       ||    16
       Ring mail         |     9 |    15 ||    24
Dodge: Dodged            |    39 |     6 ||    45
